 Dungeon Crawl Stone Soup version 0.30.0-17-ge0270778cf (webtiles) character file.

Game seed: 2533538927437641881

10 Esekla the Magician (level 2, -1/22 HPs)
             Began as a Meteoran Hedge Wizard on May 21, 2023.
             Slain by a quokka (4 damage)
             ... on level 1 of the Dungeon.
             The game lasted 00:03:04 (221 turns).

Esekla the Magician (Meteoran Hedge Wizard)          Turns: 221, Time: 00:03:04

Health: -1/22      AC:  2    Str: 11    XL:     2   Next: 47%
Magic:  6/8        EV: 12    Int: 15    God:
Gold:   0          SH:  0    Dex: 13    Spells: 7/10 levels left

rFire   . . .        a - +0 dagger
rCold   . . .        (no shield)
rNeg    . . .        b - +0 robe
rPois   .            c - +0 hat
rElec   .            (no cloak)
rCorr   .            (no gloves)
SInv    .            (no boots)
Will    .....        (no amulet)
Stlth   +            (no ring)
HPRegen 0.23/turn    (no ring)
MPRegen 0.11/turn

%: no passive effects
@: on blink cooldown, glowing
A: sense surroundings 1, otherworldly, glowing, explore regen
a: no special abilities


You were on level 1 of the Dungeon.
You visited 1 branch of the dungeon, and saw 2 of its levels.

You collected 26 gold pieces.
You spent 26 gold pieces at shops.

Inventory:

Hand Weapons
 a - a +0 dagger (weapon)
Armour
 b - a +0 robe (worn)
 c - a +0 hat (worn)
Scrolls
 e - a scroll of teleportation {unknown}
Potions
 d - a potion of magic


   Skills:
 * Level 0.7 Fighting
 * Level 2.4 Dodging
 + Level 1.4 Stealth
 * Level 4.6 Spellcasting
 + Level 1.2 Conjurations
 + Level 1.2 Summonings
 * Level 1.2 Translocations


You had 7 spell levels left.
You knew the following spells:

 Your Spells              Type           Power      Damage    Failure   Level
a - Magic Dart            Conj           28%        1d4       11%         1
b - Blink                 Tloc           14%        N/A       16%         2

Your spell library contained the following spells:

 Spells                   Type           Power      Damage    Failure   Level
 Call Imp                 Summ           14%        N/A       16%         2
 Slow                     Hex            12%        N/A       17%         1
 Cigotuvi's Dreadful Rot  Necr/Pois/Air  6%         N/A       26%         2
 Mephitic Cloud           Conj/Pois/Air  4%         N/A       41%         3


Dungeon Overview and Level Annotations

Branches:
Dungeon (2/15) Zot: 977

Altars:

Shops:
D:1 *


Innate Abilities, Weirdness & Mutations

You passively map a small area around you.
You are easily found by Zot.
You glow in the dark.
You regain HP and MP as you explore.


Message History

You miss the quokka. The quokka bites you.
You closely miss the quokka.
The quokka bites you but does no damage.
You closely miss the quokka.
The quokka bites you but does no damage.
You hit the quokka.
The quokka is moderately wounded.
The quokka bites you.
You miss the quokka.
The quokka is moderately wounded.
The quokka bites you. The quokka completely misses you.
You hit the quokka but do no damage.
The quokka is moderately wounded.
The quokka bites you.
* * * LOW HITPOINT WARNING * * *
You miss the quokka.
The quokka is moderately wounded.
The quokka bites you.
* * * LOW HITPOINT WARNING * * *
You closely miss the quokka.
The quokka is moderately wounded.
The quokka closely misses you.
Casting: Magic Dart (safe; 11% risk of failure)
Confirm with . or Enter, or press ? or * to list all spells.
You blink.
The quokka attacks as you move away!
The quokka bites you but does no damage.
You feel stable enough to blink again. The quokka bites you.
The quokka attacks as you move away! The quokka bites you.
* * * LOW HITPOINT WARNING * * *
Casting: Blink (safe; 16% risk of failure)
Confirm with . or Enter, or press ? or * to list all spells.
You blink.
The quokka bites you but does no damage.
The endoplasm freezes you.
You are frozen.
* * * LOW HITPOINT WARNING * * *
The quokka bites you.
You die...

#....#.#.###.#
#....#.# # , ,
#......#,
#...####.# ,
#........#
#.#.#########
#.#..........
#.##..J..###
#.....r@..#**,
#...##.##...+
#...#.#.# .##
, #...#.,.# #*
#....#. .#, **
####.## ## ,
#.., * * *#.#
* * *


You could see an endoplasm and a quokka.

Vanquished Creatures
  A ball python (D:2)
  A bat (D:1)
  An endoplasm (D:1)
  A goblin (D:2)
  2 hobgoblins (D:1)
  A quokka (D:1)
  A frilled lizard (D:2)
8 creatures vanquished.

Notes
Turn   | Place    | Note
-------+----------+-------------------------------------------
     0 | D:1      | Esekla the Meteoran Hedge Wizard began the quest for the
                  | Orb.
     0 | D:1      | Reached XP level 1. HP: 14/14 MP: 6/6
    30 | D:1      | Found Qaku's Assorted Antiques.
    47 | D:1      | Bought a scroll labelled GESIOJ UGRUNY for 26 gold pieces
   156 | D:2      | Reached XP level 2. HP: 20/22 MP: 8/8
   172 | D:2      | Learned a level 2 spell: Blink
   221 | D:1      | Slain by a quokka

Illustrated notes

Levels and vault maps discovered:
D:1:      minmay_arrival_stair_chambers, layout_basic, serial_shops, shop,
          minmay_distorted
D:2:      layout_basic, basic_altar, serial_shops, shop, grunt_decor_junction,
          minmay_indecisive_spiral

Action                     || total
---------------------------++-------
  Melee: Dagger            ||    38
   Cast: Magic Dart        ||     8
         Blink             ||     2
 Armour: Robe              ||     9
  Dodge: Dodged            ||    17
